 Dungeon Crawl Stone Soup version 0.32-a0-818-gb728d0252e (webtiles) character file.

Game seed: 18163047907489926505

19497861 mertasd123 the Swordmaster (level 27, 249/249 HPs)
             Began as a Coglin Warper on Mar 23, 2024.
             Was the Champion of Cheibriados.
             Escaped with the Orb
             ... and 15 runes on Mar 24, 2024!
             The game lasted 05:41:09 (78507 turns).

mertasd123 the Swordmaster (Coglin Warper)         Turns: 78507, Time: 05:41:09

Health: 249/249    AC: 19    Str: 39    XL:     27
Magic:  45/45      EV: 61    Int: 34    God:    Cheibriados [******]
Gold:   12257      SH:  4    Dex: 47    Spells: 58/62 levels left

rFire   + . .        O - +9 double sword (drain) {Kaya}
rCold   + + .        N - +4 double sword of Dibazxe {venom, Dex+2 Stlth+}
rNeg    + + +        y - +4 robe of Augmentation {Str+4 Int+4 Dex+4}
rPois   ∞            d - +3 crown of Dyrovepreva {rElec Int+2 SInv}
rElec   +            J - scarf "Laseudud" {+Inv, rC+ Regen+ rCorr Str+2}
rCorr   +            H - +2 pair of gloves {Str+3}
SInv    +            W - +2 pair of boots
Will    ++++.        (amulet unavailable)
Stlth   +++          (ring unavailable)
HPRegen 2.21/turn    (ring unavailable)
MPRegen 0.69/turn    C - secondary megadynamo {rF+ Will+ Regen+ RegenMP+}

%: no passive effects
@: death-form, studying 6 skills, very slow
A: vile attack, torment immunity, no potions, off-hand wielding, slow wielding,
warmup strikes, no jewellery, large bone plates 1, thin skeletal structure 1,
inability to drink after injury 1
0: Orb of Zot
}: 15/15 runes: serpentine, barnacled, slimy, silver, golden, iron, obsidian,
icy, bone, abyssal, demonic, glowing, magical, fiery, dark
a: Siphon Essence, Begin Untransformation, Renounce Religion, Evoke
Invisibility, Bend Time, Temporal Distortion, Slouch, Step From Time


You escaped.
You worshipped Cheibriados.
Cheibriados was exalted by your worship.
You were an undying horror.
You visited 18 branches of the dungeon, and saw 88 of its levels.
You visited Pandemonium 1 time, and saw 14 of its levels.
You visited the Abyss 1 time.
You visited 1 ziggurat, and saw 13 of its levels.
You also visited: Ossuary.

You collected 15799 gold pieces.
You spent 3542 gold pieces at shops.

Inventory:

Hand Weapons
 N - the +4 double sword of Dibazxe (offhand) {venom, Dex+2 Stlth+}
   (You acquired it on level 4 of the Shoals)

   Dex+2:     It affects your dexterity (+2).
   Stlth+:    It makes you more stealthy.
 O - a +9 double sword of draining (weapon) {Kaya}
Missiles
 u - 7 throwing nets
Armour
 d - the +3 crown of Dyrovepreva (worn) {rElec Int+2 SInv}
   (You bought it in a shop on level 2 of the Orcish Mines)

   Int+2:     It affects your intelligence (+2).
   rElec:     It insulates you from electricity.
   SInv:      It lets you see invisible.
 y - the +4 robe of Augmentation (worn) {Str+4 Int+4 Dex+4}
   (You found it on level 5 of the Dungeon)

   Str+4:     It affects your strength (+4).
   Int+4:     It affects your intelligence (+4).
   Dex+4:     It affects your dexterity (+4).
 H - a +2 pair of gloves of strength (worn)
 J - the scarf "Laseudud" (worn) {+Inv, rC+ Regen+ rCorr Str+2}
   (You acquired it on level 9 of the Dungeon)

   Str+2:     It affects your strength (+2).
   rC+:       It protects you from cold.
   Regen+:    It increases your rate of health regeneration.
   rCorr:     It protects you from acid and corrosion.
 W - a +2 pair of boots (worn)
Gizmo
 C - a secondary megadynamo (installed) {rF+ Will+ Regen+ RegenMP+}
   (You invented it yourself on level 2 of the Shoals)

   [secondary megadynamo]

   rF+:       It protects you from fire.
   Will+:     It increases your willpower.
   Regen+:    It increases your rate of health regeneration.
   RegenMP+:  It increases your rate of magic regeneration.
Talismans
 s - a talisman of death (active)
Wands
 c - a wand of charming (40)
 g - a wand of roots (14)
 i - a wand of flame (29)
 l - a wand of mindburst (26)
 o - a wand of light (20)
 v - a wand of digging (33)
 K - a wand of polymorph (10)
Scrolls
 f - 3 scrolls of immolation
 j - 2 scrolls of torment
 n - 17 scrolls of teleportation
 q - 5 scrolls of enchant weapon
 r - 4 scrolls of enchant armour
 w - 11 scrolls of blinking
 z - 5 scrolls of silence
 A - 7 scrolls of revelation
 E - 2 scrolls of butterflies
 F - 4 scrolls of amnesia
 G - 10 scrolls of fear
 M - 2 scrolls of vulnerability
 P - 9 scrolls of poison
 S - 8 scrolls of fog
 X - 30 scrolls of identify
Potions
 a - 4 potions of lignification
 b - 7 potions of might
 e - 6 potions of heal wounds
 h - a potion of berserk rage
 m - 12 potions of enlightenment
 p - 3 potions of cancellation
 t - 15 potions of curing
 x - 4 potions of mutation
 B - 4 potions of invisibility
 D - 6 potions of resistance
 I - 2 potions of attraction
 L - 7 potions of brilliance
 Q - a potion of ambrosia
 R - a potion of magic
Miscellaneous
 k - a figurine of a ziggurat
 V - a phial of floods


   Skills:
 O Level 27 Fighting
 O Level 27 Long Blades
 - Level 0.8 Throwing
 + Level 23.8 Armour
 O Level 27 Dodging
 - Level 12.0 Stealth
 - Level 18.0 Spellcasting
 - Level 19.0 Translocations
 - Level 23.0 Shapeshifting


You had 58 spell levels left.
You knew the following spells:

 Your Spells              Type           Power      Damage    Failure   Level
a - Manifold Assault      Tloc           100%       N/A       0%          4

Your spell library contained the following spells:

 Spells                   Type           Power      Damage    Failure   Level
 Blink                    Tloc           100%       N/A       0%          2
 Lesser Beckoning         Tloc           100%       N/A       0%          2
 Gell's Gravitas          Tloc           100%       N/A       0%          3
 Teleport Other           Tloc           100%       N/A       0%          3
 Foxfire                  Conj/Fire      100%       2x1d9     1%          1
 Kiss of Death            Conj/Necr      100%       2d13      1%          1
 Magic Dart               Conj           100%       1d8       1%          1
 Necrotise                Necr           100%       1d9       1%          1
 Shock                    Conj/Air       100%       1d9       1%          1
 Slow                     Hex            100%       N/A       1%          1
 Sting                    Conj/Alch      100%       1d9       1%          1
 Summon Small Mammal      Summ           100%       N/A       1%          1
 Call Imp                 Summ           60%        N/A       1%          2
 Cigotuvi's Dreadful Rot  Necr/Alch/Air  60%        N/A       1%          2
 Ensorcelled Hibernation  Hex/Ice        60%        N/A       1%          2
 Mercury Vapours          Alch/Air       60%        N/A       1%          2
 Momentum Strike          Conj/Tloc      100%       3d10      1%          2
 Scorch                   Fire           60%        2d7       1%          2
 Searing Ray              Conj           60%        2d6       1%          2
 Sublimation of Blood     Necr           30%        N/A       1%          2
 Volatile Blastmotes      Fire/Tloc      100%       2d18      1%          3
 Dimensional Bullseye     Hex/Tloc       38%        N/A       1%          4
 Iskenderun's Mystic Bla  Conj/Tloc      76%        2d15      1%          4
 Vhi's Electric Charge    Tloc/Air       100%       N/A       1%          4
 Summon Forest            Summ/Tloc      38%        N/A       1%          5
 Dispersal                Tloc           51%        N/A       1%          6
 Call Canine Familiar     Summ           30%        N/A       3%          3
 Confusing Touch          Hex            30%        N/A       3%          3
 Dazzling Flash           Conj/Hex       60%        N/A       3%          3
 Fugue of the Fallen      Necr           30%        N/A       3%          3
 Hailstorm                Conj/Ice       30%        3d8       3%          3
 Mephitic Cloud           Conj/Alch/Air  30%        N/A       3%          3
 Ozocubu's Armour         Ice            30%        N/A       3%          3
 Passwall                 Erth           30%        N/A       3%          3
 Sigil of Binding         Hex            30%        N/A       3%          3
 Stone Arrow              Conj/Erth      60%        3d10      3%          3
 Summon Ice Beast         Ice/Summ       30%        N/A       3%          3
 Swiftness                Air            30%        N/A       3%          3
 Vampiric Draining        Necr           30%        2d8       3%          3
 Disjunction              Tloc           51%        N/A       3%          8
 Airstrike                Air            15%        2d(3-19)  12%         4
 Anguish                  Hex/Necr       15%        N/A       12%         4
 Animate Armour           Summ/Erth      60%        N/A       12%         4
 Brom's Barrelling Bould  Conj/Erth      30%        2d5       12%         4
 Dispel Undead            Necr           30%        3d14      12%         4
 Flame Wave               Conj/Fire      30%        2d9       12%         4
 Fulminant Prism          Conj/Alch      15%        3d10      12%         4
 Ignite Poison            Fire/Alch      30%        N/A       12%         4
 Leda's Liquefaction      Alch/Erth      15%        N/A       12%         4
 Martyr's Knell           Necr/Summ      30%        N/A       12%         4
 Olgreb's Toxic Radiance  Alch           30%        N/A       12%         4
 Petrify                  Alch/Erth      30%        N/A       12%         4
 Summon Blazeheart Golem  Fire/Summ      30%        N/A       12%         4
 Alistair's Intoxication  Alch           20%        N/A       32%         5
 Arcjolt                  Conj/Air       15%        1d25      32%         5
 Borgnjor's Vile Clutch   Necr/Erth      15%        N/A       32%         5
 Curse of Agony           Necr           30%        N/A       32%         5
 Fireball                 Conj/Fire      15%        3d8       32%         5
 Freezing Cloud           Conj/Ice/Air   15%        6-21      32%         5
 Irradiate                Conj/Alch      15%        3d16      32%         5
 Iskenderun's Battlesphe  Conj           30%        2d8       32%         5
 Lee's Rapid Deconstruct  Erth           15%        3d10*     32%         5
 Metabolic Englaciation   Hex/Ice        15%        N/A       32%         5
 Silence                  Hex/Air        15%        N/A       32%         5
 Summon Mana Viper        Hex/Summ       30%        N/A       32%         5
 Yara's Violent Unravell  Hex/Alch       15%        3d8       32%         5
 Bombard                  Conj/Erth      15%        9d3       87%         6
 Conjure Ball Lightning   Conj/Air       15%        3x3d6     87%         6
 Death Channel            Necr           15%        N/A       87%         6
 Eringya's Noxious Bog    Alch           15%        4d6       87%         6
 Permafrost Eruption      Ice/Erth       15%        2x4d5     87%         6
 Sculpt Simulacrum        Ice/Alch       15%        N/A       87%         6
 Starburst                Conj/Fire      15%        6d6       87%         6
 Summon Cactus Giant      Summ           15%        N/A       87%         6
 Monstrous Menagerie      Summ           15%        N/A       100%        7
 Orb of Destruction       Conj           15%        9d7       100%        7
 Ozocubu's Refrigeration  Ice            15%        4d10      100%        7
 Spellforged Servitor     Conj/Summ      15%        N/A       100%        7
 Summon Hydra             Summ           15%        N/A       100%        7
 Discord                  Hex            15%        N/A       100%        8
 Infestation              Necr           15%        N/A       100%        8
 Lehudib's Crystal Spear  Conj/Erth      15%        10d5      100%        8
 Chain Lightning          Conj/Air       15%        3d20      100%        9
 Fire Storm               Conj/Fire      15%        8d4       100%        9
 Polar Vortex             Ice            15%        12d2*     100%        9
 Shatter                  Erth           15%        3d15*     100%        9


Dungeon Overview and Level Annotations

Branches:
Dungeon (15/15)            Temple (1/1) D:5            Lair (5/5) D:8
 Shoals (4/4) Lair:3        Snake (4/4) Lair:2        Slime (5/5) Lair:4
    Orc (2/2) D:10            Elf (3/3) Orc:2        Vaults (5/5) D:14
  Crypt (3/3) Vaults:2       Tomb (3/3) Crypt:3      Depths (4/4) D:15
   Hell (visited)             Dis (7/7) Hell            Geh (7/7) Hell
    Coc (7/7) Hell            Tar (7/7) Hell            Zot (5/5) Depths:4
Ossuary (visited)

Altars:
Ashenzari
Cheibriados
Dithmenos
Elyvilon
Fedhas
Gozag
Hepliaklqana
Kikubaaqudgha
Makhleb
Nemelex Xobeh
Okawaru
Qazlal
Ru
Sif Muna
Trog
Uskayaw
Vehumet
Wu Jian
Xom
Yredelemnul
Zin
The Shining One
Beogh
Jiyva

Shops:
D:10 [   D:11 =   D:13 ?=(   D:15 !*(*   Orc:2 :[=*:   Elf:2 :   Depths:1 *?(!?
Depths:2 (

Portals:
Hell: Depths:1 Depths:2 Depths:3 Depths:4
Abyss: Depths:1 Depths:3 Depths:4
Pandemonium: Depths:2 Depths:3 Depths:4

Annotations:
Lair:2 2 transporters, anet's ghost, journeyman DjHW
Lair:5 2 runed translucent doors, Asughet's ghost, journeyman FoFi
Elf:2 2 transporters, Zeofi's ghost, adept DsNe


Innate Abilities, Weirdness & Mutations

You are an undying horror.
Your melee and unarmed attacks drain, slow and weaken victims.
You are immune to unholy pain and torment.
You cannot drink.
You are immune to poison.
You can wield a second weapon in your off-hand.
It takes a long time for you to wield or remove held weapons.
Your first few attacks do less damage.
You cannot equip rings or amulets.
You are partially covered in large bone plates. (SH +4)
You have a somewhat thin skeletal structure. (Dex +2, Stealth+)
You occasionally lose the ability to drink potions when taking damage.


Message History

You can't see that place. [Stash: 4 stones] [the floor.]
The rock shatters into small pieces.
Unknown command.
Unknown command.
You see here 4 stones.
You see here 4 stones.
An angel comes into view. It is wielding a +2 whip of holy wrath.
The angel completely misses you. x2
The angel completely misses you. x2; The angel hits you but does no damage.
The angel completely misses you. You block the angel's attack.
The angel misses you.
You slash the angel with your +9 double sword of draining!
The angel decays.
The angel is lightly wounded.
You slash the angel with the +4 double sword of Dibazxe!
The angel decays.
You cut the angel into ribbons with the +4 double sword of Dibazxe!!!
The angel decays.
The angel is almost dead.
You miss the angel with your +9 double sword of draining.
The angel completely misses you. x2
You slice the angel like a ripe choko with the +4 double sword of Dibazxe!!!
You kill the angel!
Cheibriados appreciates the change of pace.
Aiming: Dig
Press: ? - help, Q - select action, (/) - cycle Shift-Dir - straight line A rock wall.
This square is covered in magical glow.
The rock shatters into small pieces.
Aiming: Dig
Press: ? - help, Q - select action, (/) - cycle Shift-Dir - straight line A rock wall.
This square is covered in magical glow.
The rock shatters into small pieces.
There is an open door here.
You close the door.
There is a staircase leading out of the dungeon here.
You have escaped!

...########.....# #
...## #.^..[# ### ....#
#.....# #..
###.#######...########
## #.#
#.........#........#
#.# ###
########...........##.#
##...#.♣♣###..#.#
#..###.♣♣♣ß#...# #.##
#.♣♣z.+..# ##.#
#.♣♣♣ß#..# #######.÷#
#.♣♣.#...# .....##.##
####..#### ######
.[...#..# ######.#####
#..... .....#.##
#...(......# #.....
.....#.# #..........#
#.....
.......####..........#
#.....
.........##..........#
#.....


There were no monsters in sight!

Vanquished Creatures
  Cerebov (Pan)
  the Royal Jelly (Slime:5)
  Antaeus (Coc:7)
  Asmodeus (Geh:7)
  Dissolution (Slime:2)
  Mnoleg (Pan)
  Ereshkigal (Tar:7)
  Gloorx Vloq (Pan)
  Lom Lobon (Pan)
  the Serpent of Hell (Geh:7)
  An orb of fire (Zot:5)
  Dispater (Dis:7)
  4 dread liches
  Khufu (Tomb:3)
  Frederick (Crypt:3)
  5 ancient liches
  3 juggernauts
  Xtahua (Crypt:3)
  31 royal mummies
  Sojobo (Depths:3)
  Boris (6 times) (Elf:3 Vaults:1 Vaults:2 Depths:2 Depths:3 Crypt:1)
  16 shard shrikes
  Vv (Crypt:2)
  Saint Roka (Vaults:4)
  6 Killer Klowns
  25 caustic shrikes
  The ghost of mn3067 the Warrior, a veteran DjAE of Ashenzari (Vaults:4)
  7 profane servitors
  Geryon (Hell)
  28 bone dragons
  11 golden dragons
  14 Brimstone Fiends
  16 Tzitzimimeh
  20 doom hounds
  2 walking crystal tomes
  4 electric golems
  2 spectral shard shrikes
  13 iron giants
  9 hellephants
  Jorgrun (Snake:3)
  20 tainted leviathans
  Zenata (Vaults:3)
  14 tentacled monstrosities
  21 Ice Fiends
  3 walking frostbound tomes (Pan)
  26 Hell Sentinels
  Asterion (Snake:3)
  A shard shrike skeleton (Crypt:2)
  20 searing wretches
  6 liches
  20 Orb Guardians (Zot:5)
  15 titans
  8 quicksilver dragons
  12 sphinxes
  2 deep elf blademasters
  A walking divine tome (Depths:3)
  5 pandemonium lords
  Polyphemus (Shoals:4)
  7 death cobs
  28 Executioners (Pan)
  A deep elf master archer (Elf:3)
  18 acid blobs
  3 tentacled starspawn (Abyss:3)
  35 ancient champions
  8 storm dragons
  8 shadow dragons
  Agnes (Elf:1)
  10 tengu reavers
  Roxanne (Snake:3)
  17 rockslimes
  A draconian monk (Zig:9)
  6 protean progenitors
  12 revenants
  20 azure jellies
  Ilsuiw (Shoals:4)
  A fenstrider witch (Pan)
  16 narguns
  3 demonspawn warmongers (Pan)
  Aizul (Snake:1)
  3 draconian knights
  6 nagarajas
  A spectral juggernaut (Tar:1)
  28 fire giants
  3 draconian scorchers
  An emperor scorpion (Zig:4)
  12 quicksilver elementals
  4 deep elf sorcerers (Elf:3)
  4 draconian shifters
  2 caustic shrike zombies (Depths:3)
  14 vault wardens
  4 shard shrike simulacra
  An iron dragon (Dis:5)
  17 frost giants
  44 balrugs
  Louise (Elf:3)
  3 deep elf elementalists (Elf:3)
  A ghost moth (Zot:5)
  3 ghouls
  2 angels
  A spectral caustic shrike (Tar:1)
  21 cacodemons (Pan)
  3 curse skulls
  2 spriggan defenders
  5 demonspawn blood saints
  4 quicksilver oozes
  23 ironbound preservers
  4 formless jellyfish
  9 demonspawn corrupters (Pan)
  3 juggernaut skeletons
  32 reapers
  15 caustic shrike skeletons
  7 draconian annihilators
  9 ironbound thunderhulks
  40 very ugly things
  3 green draconians
  An orc warlord (Vaults:3)
  26 elemental wellsprings
  10 stone giants
  9 black draconians
  5 lorocyprocas (Pan)
  15 putrid mouths
  2 red draconians
  2 bunyips (Pan)
  11 demonspawn black suns
  12 bennus
  14 deep elf annihilators
  5 vampire knights
  7 deep elf death magi
  7 yellow draconians
  5 dire elephants
  5 spark wasps
  5 purple draconians
  3 white draconians
  4 halazid warlocks (Tar:1)
  40 war gargoyles
  9 deep elf demonologists
  14 wendigos
  17 eidola
  20 mummy priests
  6 fire dragons
  8 merfolk impalers
  16 green deaths
  5 starcursed masses (Abyss:3)
  A spectral quicksilver dragon (Tar:5)
  13 ettins
  20 iron golems
  14 jiangshi
  9 merfolk javelineers
  30 blizzard demons
  6 deep elf high priests (Elf:3)
  A spectral golden dragon (Tar:3)
  A quicksilver dragon skeleton (Crypt:1)
  11 yaktaur captains
  Harold (D:10)
  2 kraken zombies (Hell)
  13 salamander tyrants
  38 vault guards
  2 spectral spriggans
  13 caustic shrike simulacra
  2 jorogumos (Pan)
  5 hydras
  6 rakshasas
  8 ice dragons
  5 death knights
  12 spriggan air magi
  2 peacekeepers
  14 great orbs of eyes
  6 hell beasts
  3 merfolk avatars
  19 stokers
  3 catoblepae
  8 juggernaut simulacra
  8 anacondas
  Erica (Lair:2)
  20 centaur warriors
  A spectral stone giant (Tar:1)
  5 ironbound frosthearts
  6 ogre magi
  An alligator snapping turtle (Shoals:2)
  25 dancing weapons
  4 deep troll shamans
  8 merfolk aquamancers
  A boulder beetle (shapeshifter) (Depths:3)
  2 deep troll earth magi
  17 two-headed ogres
  14 hell hogs
  8 death yaks
  22 death scarabs
  5 orc high priests
  3 satyrs
  3 vampire magi
  13 boulder beetles
  13 shock serpents
  2 sphinx skeletons
  6 tengu warriors
  3 spectral dire elephants
  10 demonic crawlers
  A quicksilver ooze zombie (Crypt:1)
  4 thrashing horrors (Abyss:3)
  6 spriggan berserkers
  19 naga warriors
  2 titan zombies
  9 naga sharpshooters
  23 hell knights
  A storm dragon zombie (Zig:11)
  19 soul eaters
  5 skysharks
  12 deep elf knights
  Nergalle (Lair:2)
  A titan skeleton (Zig:7)
  A cyclops (shapeshifter) (Vaults:2)
  4 salamander mystics
  6 spriggans
  4 hellephant skeletons (Pan)
  A fire crab (shapeshifter) (Vaults:2)
  6 iron trolls
  28 sixfirhies
  4 crystal echidnas
  71 sun demons
  66 skeletal warriors
  16 shadow wraiths
  A spectral bunyip (Tar:1)
  2 deep trolls (shapeshifter)
  3 flayed ghosts
  A spark wasp zombie (Zig:11)
  4 quicksilver dragon simulacra
  A mana viper (shapeshifter) (Vaults:2)
  30 shadow demons
  A spectral anaconda (Tar:2)
  11 sea snakes
  49 deep trolls
  A storm dragon skeleton (Depths:3)
  4 bog bodies (Crypt:3)
  3 orb spiders (Zot:3)
  15 sun moths
  7 glowing orange brains
  A sea snake (shapeshifter) (Vaults:1)
  2 sun moths (shapeshifter) (Vaults:5)
  7 naga ritualists
  12 deep elf archers
  5 arcanists
  17 ironbound convokers
  4 obsidian statues
  2 thermic dynamos (Elf:3)
  An alligator zombie (Crypt:1)
  30 deep elf zephyrmancers
  A kraken simulacrum (Hell)
  11 phantasmal warriors
  5 spriggan simulacra
  Pikel (D:8)
  8 lindwurms
  8 orc knights
  6 lightning spires (Abyss:3)
  7 mana vipers
  17 harpies
  A steelbarb worm (shapeshifter) (Vaults:5)
  9 necromancers
  2 orange crystal statues (Zig:12)
  2 obsidian bats
  25 deep elf pyromancers
  19 fauns
  3 orc sorcerers
  14 manticores
  A shadow dragon skeleton (Depths:3)
  8 shining eyes
  7 salamanders
  A stone giant zombie (Vaults:4)
  51 ugly things
  19 cyclopes
  A faun (shapeshifter) (Vaults:5)
  A naga zombie (Tomb:2)
  A shining eye (shapeshifter) (Zig:6)
  4 kobold blastminers (Orc:2)
  A spectral centaur (Tar:1)
  A worldbinder (Abyss:3)
  42 large abominations
  An apocalypse crab (Zig:6)
  2 spectral alligator snapping turtles (Tar:1)
  A meliai (shapeshifter) (Vaults:5)
  4 Executioner simulacra (Pan)
  19 moths of wrath
  Joseph (D:9)
  10 ice statues
  6 merfolk sirens
  3 elephants (Lair:4)
  16 naga magi
  3 molten gargoyles
  2 water nymphs (shapeshifter)
  An eye of devastation (shapeshifter) (Vaults:2)
  2 rust devils
  A frost giant skeleton (Zig:2)
  41 black mambas
  24 cane toads
  4 guardian serpents
  28 hellions
  16 vault sentinels
  20 orange demons (Pan)
  5 gargoyles
  4 water nymphs
  3 titan simulacra
  9 eyes of devastation
  2 pale draconian zombies
  37 smoke demons
  4 rime drakes
  2 bunyip simulacra (Coc:1)
  9 komodo dragons
  20 yaktaurs
  26 tormentors
  A sea snake zombie (Hell)
  11 tengu conjurers
  11 freezing wraiths
  6 anaconda simulacra
  A pale draconian skeleton (Crypt:1)
  14 efreet
  A golden dragon simulacrum (Crypt:3)
  16 merfolk
  60 guardian mummies
  8 ice devils (Pan)
  3 iron giant simulacra
  7 red devils (Pan)
  A silent spectre (Tar:1)
  5 trolls
  4 polar bears
  A polar bear (shapeshifter) (D:14)
  2 spectral harpies (Tar:2)
  A tengu simulacrum (Vaults:4)
  2 hydra zombies (Hell)
  A shadow dragon simulacrum (Coc:1)
  6 hornets
  A merfolk (shapeshifter) (Vaults:5)
  4 tyrant leeches
  22 wind drakes
  16 hellwings (Pan)
  A tarantella (shapeshifter) (Vaults:4)
  A harpy skeleton (Tomb:3)
  A tarantella (D:14)
  A hydra skeleton (Hell)
  Prince Ribbit (D:9)
  7 raiju (Abyss:3)
  10 snapping turtles
  10 glass eyes
  2 iron dragon simulacra
  21 blink frogs
  A black mamba zombie (Crypt:2)
  83 slime creatures
  A snapping turtle (shapeshifter) (Vaults:5)
  3 stone giant simulacra
  Sigmund (D:3)
  9 dream sheep
  A centaur simulacrum (Coc:2)
  A jumping spider (shapeshifter) (Vaults:2)
  4 shadows
  5 wraiths
  5 dire elephant simulacra
  2 naga simulacra
  24 water elementals
  8 ynoxinuls (Pan)
  A yak (shapeshifter) (D:15)
  12 golden eyes
  66 yaks
  27 ushabtiu
  A vampire (Abyss:2)
  4 wyverns
  Grum (D:9)
  An alligator snapping turtle simulacrum (Coc:2)
  A fire elemental (Elf:3)
  7 basilisks
  40 chaos spawn
  17 vampire mosquitoes
  6 redbacks
  4 wargs
  11 harpy simulacra
  20 neqoxecs (Pan)
  A water nymph zombie (Crypt:1)
  2 acid dragons
  65 nagas
  4 small abominations
  A swamp worm (shapeshifter) (Vaults:2)
  3 hydra simulacra
  15 water moccasins
  35 orc warriors
  2 black bears
  5 ettin simulacra
  A manticore zombie (Crypt:2)
  12 ogres
  47 laughing skulls
  10 boggarts
  A dream sheep skeleton (Crypt:2)
  12 wolves
  14 centaurs
  An elephant zombie (Crypt:2)
  A torpor snail zombie (Crypt:2)
  3 lemures
  A phantom (D:6)
  A kobold brigand (D:10)
  A weeping skull (Crypt:3)
  9 elf zombies
  11 bullfrogs
  3 earth elementals
  2 human simulacra (Vaults:2)
  3 scorpions
  A draconian skeleton (Crypt:1)
  A human skeleton (Vaults:2)
  A water moccasin zombie (Crypt:1)
  A cyclops skeleton (Crypt:2)
  5 wights (D:8)
  5 burial acolytes
  3 howler monkeys (D:9)
  8 electric eels
  2 bombardier beetles
  3 lava snakes (Lair:2)
  2 quasits (Abyss:3)
  4 centaur zombies (Ossuary)
  A hound (D:4)
  A gnoll bouda (D:7)
  15 jellies
  11 orc priests
  3 sleepcaps
  6 human zombies
  Jessica (D:2)
  2 iguanas
  Ijyb (D:3)
  Terence (D:3)
  7 hell rats (Hell)
  20 orc wizards
  65 mummies
  8 gnolls
  An adder (shapeshifter) (D:14)
  7 adders
  A river rat (Lair:1)
  A white imp (D:8)
  3 ufetubi (Abyss:3)
  3 adder zombies (D:8)
  An iguana zombie (Crypt:1)
  A ribbon worm (D:3)
  97 orcs
  8 ball pythons
  6 endoplasms
  4 giant cockroaches
  5 hobgoblins
  7 jackals
  9 kobolds
  4 quokkas
  A ball python skeleton (Crypt:1)
  15 bats
  3 frilled lizards (D:1)
  11 goblins
  A hobgoblin zombie (D:6)
  A jackal zombie (D:8)
  An orc zombie (D:6)
  A rat (D:3)
  3 aspiring fleshes (Pan)
  3 creeping infernos
  7 fire vortices
  A spectral weapon (Snake:3)
  6 starspawn tentacles
4115 creatures vanquished.

Vanquished Creatures (others)
  A titan (Coc:7)
  A tentacled monstrosity (Pan)
  An eldritch tentacle (Pan)
  A fire giant (Vaults:4)
  A reaper (Zig:8)
  A stone giant (Depths:2)
  2 green deaths (Zig:8)
  A fire dragon (Depths:2)
  A deep elf knight (Elf:1)
  A sixfirhy (Zig:8)
  A shadow demon (Zig:8)
  A titan simulacrum (Coc:7)
  A wind drake (Pan)
  A ynoxinul (Zig:8)
  A water elemental (Elf:2)
  An orc priest (Vaults:5)
  A creeping inferno (Geh:4)
  A fire vortex (Pan)
  7 starspawn tentacles
26 creatures vanquished.

Grand Total: 4141 creatures vanquished

Notes
Turn   | Place    | Note
-------+----------+-------------------------------------------
     0 | D:1      | mertasd123 the Coglin Warper began the quest for the Orb.
     0 | D:1      | Reached XP level 1. HP: 16/16 MP: 3/3
   113 | D:1      | Reached skill level 1 in Armour
   137 | D:1      | Reached XP level 2. HP: 22/22 MP: 4/4
   178 | D:1      | Found a faded altar of an unknown god.
   610 | D:1      | Identified a scroll of acquirement
   610 | D:1      | Acquired the +6 quick blade of Kaluf {protect, rN+}
   841 | D:2      | Reached XP level 3. HP: 27/27 MP: 6/6
   864 | D:2      | Found a shimmering altar of Xom.
   881 | D:2      | Noticed Jessica
   886 | D:2      | Killed Jessica
  1123 | D:3      | Noticed Terence
  1130 | D:3      | Killed Terence
  1131 | D:3      | Reached XP level 4. HP: 34/34 MP: 7/7
  1221 | D:3      | Noticed Sigmund
  1241 | D:3      | Killed Sigmund
  1242 | D:3      | Reached XP level 5. HP: 33/41 MP: 7/9
  1242 | D:3      | Reached XP level 6. HP: 38/47 MP: 7/10
  1285 | D:3      | Learned a level 4 spell: Manifold Assault
  1425 | D:3      | Found a shadowy altar of Dithmenos.
  1579 | D:3      | Noticed Ijyb
  1588 | D:3      | Killed Ijyb
  1669 | D:3      | Found a hide-covered altar of Uskayaw.
  1669 | D:3      | Found a bloodstained altar of Trog.
  1818 | D:4      | Reached XP level 7. HP: 52/53 MP: 11/11
  2123 | D:4      | Found a sparkling altar of Nemelex Xobeh.
  2123 | D:4      | Found a radiant altar of Vehumet.
  2290 | D:5      | Entered Level 5 of the Dungeon
  2476 | D:5      | Found a staircase to the Ecumenical Temple.
  2497 | Temple   | Entered the Ecumenical Temple
  2535 | Temple   | Became a worshipper of Cheibriados the Contemplative
  2687 | D:5      | Found the +4 robe of Augmentation {Str+4 Int+4 Dex+4}
  2807 | D:5      | Found a glowing golden altar of the Shining One.
  3013 | D:5      | Reached skill level 5 in Translocations
  3162 | D:5      | Reached XP level 8. HP: 61/61 MP: 12/12
  3525 | D:6      | Found a sand-covered staircase.
  3531 | Ossuary  | Entered an ossuary
  3541 | Ossuary  | Reached * piety under Cheibriados
  3614 | Ossuary  | Reached skill level 5 in Fighting
  3619 | Ossuary  | Reached skill level 5 in Long Blades
  3707 | D:6      | Found a stormy altar of Qazlal.
  3930 | D:6      | Reached skill level 5 in Dodging
  4447 | D:6      | Reached XP level 9. HP: 68/68 MP: 13/13
  4608 | D:7      | Reached ** piety under Cheibriados
  4629 | D:7      | Found a blossoming altar of Fedhas.
  4862 | D:7      | Found a broken altar of Ashenzari.
  5540 | D:8      | Found a staircase to the Lair.
  5546 | D:8      | Reached XP level 10. HP: 66/79 MP: 14/14
  5629 | D:8      | Noticed a two-headed ogre
  5636 | D:8      | Killed a two-headed ogre
  5719 | D:8      | Found a glowing silver altar of Zin.
  5783 | D:8      | Reached *** piety under Cheibriados
  6078 | D:8      | Found an ancient bone altar of Kikubaaqudgha.
  6928 | D:9      | Noticed Pikel
  6935 | D:9      | Reached **** piety under Cheibriados
  7015 | D:8      | Killed Pikel
  7016 | D:8      | Reached XP level 11. HP: 45/87 MP: 11/15
  7201 | D:9      | Noticed Joseph
  7210 | D:9      | Killed Joseph
  7229 | D:9      | Noticed Grum
  7243 | D:9      | Killed Grum
  7385 | D:9      | Identified the +9 mace of a bailey {flame, rN+}
  7386 | D:9      | Noticed Prince Ribbit
  7391 | D:9      | Killed Prince Ribbit
  7531 | D:9      | Acquired the scarf "Laseudud" {+Inv, rC+ Regen+ rCorr
                  | Str+2}
  7800 | D:10     | Entered Level 10 of the Dungeon
  7823 | D:10     | Reached ***** piety under Cheibriados
  7860 | D:10     | Found a staircase to the Orcish Mines.
  8214 | D:10     | Noticed Harold
  8229 | D:10     | Killed Harold
  8438 | D:10     | Found an iron altar of Okawaru.
  8506 | D:10     | Found Melyarch's Antique Armour Shoppe.
  8893 | Lair:1   | Entered Level 1 of the Lair of Beasts
  9063 | Lair:1   | Reached skill level 10 in Fighting
  9063 | Lair:1   | Reached skill level 10 in Long Blades
  9063 | Lair:1   | Reached XP level 12. HP: 91/97 MP: 3/16
  9347 | Lair:1   | Noticed a death yak
  9348 | Lair:1   | Noticed a death yak
  9412 | Lair:1   | Noticed a boulder beetle
  9567 | Lair:1   | Noticed a death yak
  9570 | Lair:1   | Killed a death yak
  9574 | Lair:1   | Noticed a death yak
  9575 | Lair:1   | Killed a death yak
  9767 | Lair:1   | Noticed a death yak
  9779 | Lair:1   | Killed a death yak
  9785 | Lair:1   | Killed a death yak
  9788 | Lair:1   | Killed a death yak
  9939 | Lair:1   | Killed a boulder beetle
 10164 | D:11     | Noticed a two-headed ogre
 10166 | D:11     | Killed a two-headed ogre
 10167 | D:11     | Reached skill level 10 in Dodging
 10402 | D:11     | Found Riuteik's Jewellery Shoppe.
 10625 | D:11     | Found the +7 staff of the Meek {protect, meekguard}
 10765 | D:12     | Reached ****** piety under Cheibriados
 10812 | D:12     | Noticed a boulder beetle
 10824 | D:12     | Killed a boulder beetle
 11120 | D:12     | Reached XP level 13. HP: 102/106 MP: 17/17
 11386 | D:13     | Found Uczoy's Magic Scroll Shop.
 11398 | D:13     | Bought a scroll of blinking for 90 gold pieces
 11415 | D:13     | Noticed an ettin
 11429 | D:13     | Killed an ettin
 11751 | D:13     | Found Riprozak's Jewellery Emporium.
 11777 | D:13     | Found Safafiw's Antique Weapon Boutique.
 11815 | D:13     | Found a sacrificial altar of Ru.
 12796 | D:13     | Noticed an ettin
 12805 | D:13     | Killed an ettin
 12833 | D:13     | Noticed a frost giant
 13215 | Lair:2   | Noticed Nergalle
 13220 | Lair:2   | Killed Nergalle
 13221 | Lair:2   | Reached XP level 14. HP: 118/118 MP: 1/18
 13578 | Lair:2   | Found a staircase to the Snake Pit.
 13803 | Lair:2   | Noticed Erica
 13809 | Lair:2   | Killed Erica
 13937 | Lair:2   | Found a transporter.
 14114 | Lair:2   | Found a transporter.
 14214 | Lair:2   | Noticed anet's ghost (journeyman DjHW)
 14597 | Lair:3   | You fall into a shaft and drop 1 floor!
 14660 | Lair:3   | Identified the +10 longbow of Oluempid {freeze, Int+3 SInv
                  | Stlth+}
 14768 | Lair:3   | Found a staircase to the Shoals.
 15510 | Lair:4   | Found a viscous altar of Jiyva.
 15532 | Lair:4   | Found a staircase to the Slime Pits.
 15576 | Lair:4   | Reached skill level 10 in Translocations
 16286 | Lair:5   | Entered Level 5 of the Lair of Beasts
 16430 | Lair:5   | Found a large runed translucent door.
 16431 | Lair:5   | Found a large runed translucent door.
 16556 | Lair:5   | Reached XP level 15. HP: 126/126 MP: 7/21
 17451 | Lair:5   | Noticed Asughet's ghost (journeyman FoFi)
 17976 | D:14     | Reached skill level 5 in Spellcasting
 18086 | D:14     | Found a blossoming altar of Fedhas.
 18148 | D:14     | Noticed a fire giant
 18155 | D:14     | Killed a fire giant
 18549 | D:14     | Found a gate to the Vaults.
 18966 | D:15     | Entered Level 15 of the Dungeon
 19034 | D:15     | Found Tuewut's Assorted Antiques.
 19035 | D:15     | Found Wireagg's Weapon Shoppe.
 19059 | D:15     | Reached skill level 15 in Fighting
 19140 | D:15     | Reached skill level 1 in Stealth
 19262 | D:15     | Found Geff's General Store.
 19267 | D:15     | Bought a scroll of enchant weapon for 112 gold pieces
 19295 | D:15     | Reached XP level 16. HP: 131/136 MP: 23/23
 19447 | D:15     | Reached skill level 15 in Long Blades
 19553 | D:15     | Found a staircase to the Depths.
 19579 | D:15     | Identified the ring of Trepidation {Wiz rPois}
 20194 | D:15     | Found Etzu's Distillery.
 20226 | D:15     | Bought a potion of heal wounds for 85 gold pieces
 20226 | D:15     | Bought a potion of might for 68 gold pieces
 20465 | Orc:1    | Entered Level 1 of the Orcish Mines
 20550 | Orc:1    | Found a roughly hewn altar of Beogh.
 20852 | Orc:2    | Entered Level 2 of the Orcish Mines
 20852 | Orc:2    | Found a staircase to the Elven Halls.
 21213 | Orc:2    | Found Dudearch's Vocational Training.
 21431 | Orc:2    | Reached skill level 5 in Stealth
 21606 | Orc:2    | Found Intietib's Jewellery Emporium.
 21606 | Orc:2    | Found Ochegunn's General Store.
 21608 | Orc:2    | Found Potabosek's Book Boutique.
 21610 | Orc:2    | Found Ficviah's Armour Shoppe.
 21615 | Orc:2    | Bought a scroll of butterflies for 56 gold pieces
 21615 | Orc:2    | Bought a scroll of blinking for 105 gold pieces
 21701 | Elf:1    | Entered Level 1 of the Elven Halls
 21741 | Elf:1    | Found a radiant altar of Vehumet.
 21758 | Elf:1    | Noticed Agnes
 21768 | Elf:1    | Killed Agnes
 21916 | Elf:1    | Identified the +6 sling "Syoh" {elec, Fly rC+}
 22153 | Elf:1    | Reached skill level 5 in Armour
 22170 | Elf:1    | Reached XP level 17. HP: 143/143 MP: 4/25
 22303 | Elf:1    | Got the Papyrus of Death
 22846 | Elf:2    | Found a runed translucent gate.
 22846 | Elf:2    | Found a runed translucent gate.
 22912 | Elf:2    | Found a runed translucent gate.
 23220 | Elf:2    | Found a transporter.
 23220 | Elf:2    | Noticed Zeofi's ghost (adept DsNe)
 23223 | Elf:2    | Found a transporter.
 23246 | Elf:2    | Found Gaading's Tremendous Tomes.
 23518 | Elf:2    | Noticed a deep elf blademaster
 23548 | Elf:2    | Killed a deep elf blademaster
 24415 | Snake:1  | Entered Level 1 of the Snake Pit
 24538 | Snake:1  | Identified the +9 spear of Grand Trial by Ordeal {venom,
                  | rN+ Int+3}
 24670 | Snake:1  | Reached skill level 15 in Dodging
 25157 | Snake:1  | Identified the serpent talisman of Chimes {rElec Int+4}
 25157 | Snake:1  | Noticed Aizul
 25162 | Snake:1  | Killed Aizul
 26632 | Snake:2  | Reached XP level 18. HP: 133/151 MP: 12/29
 26780 | Snake:2  | Got the Verses on Bolts
 27279 | Snake:3  | Noticed Asterion
 27283 | Snake:3  | Killed Asterion
 27407 | Snake:3  | Noticed Jorgrun
 27414 | Snake:3  | Noticed Roxanne
 27416 | Snake:3  | Killed Jorgrun
 28883 | Snake:3  | Killed Roxanne
 29021 | Snake:4  | Entered Level 4 of the Snake Pit
 29960 | Snake:4  | HP: 2/151 [salamander tyrant/flame surge (53)]
 30522 | Snake:4  | Reached XP level 19. HP: 131/157 MP: 32/32
 30734 | Snake:4  | Got a serpentine rune of Zot
 31667 | Shoals:1 | Entered Level 1 of the Shoals
 32383 | Shoals:1 | Reached skill level 10 in Spellcasting
 33163 | Shoals:2 | Acquired a secondary megadynamo {rF+ Will+ Regen+ RegenMP+}
 33369 | Shoals:2 | You fall into a shaft and drop 1 floor!
 34029 | Shoals:3 | Reached skill level 15 in Translocations
 34616 | Shoals:4 | Entered Level 4 of the Shoals
 35128 | Shoals:4 | Noticed Ilsuiw
 35143 | Shoals:4 | Killed Ilsuiw
 35144 | Shoals:4 | Reached XP level 20. HP: 154/166 MP: 6/34
 35221 | Shoals:4 | Got a barnacled rune of Zot
 35290 | Shoals:4 | Noticed Polyphemus
 35305 | Shoals:4 | Killed Polyphemus
 35487 | Shoals:4 | Identified the +3 short sword of Bohit {holy, rN+++ Will+
                  | Str-3}
 35702 | Shoals:4 | Acquired the +4 double sword of Dibazxe {venom, Dex+2
                  | Stlth+}
 36086 | Elf:3    | Entered Level 3 of the Elven Halls
 36088 | Elf:3    | Identified the +3 robe "Ritepn" {Harm *Slow Regen+ Str+6}
 36088 | Elf:3    | Noticed Boris
 36094 | Elf:3    | Killed Boris
 36160 | Elf:3    | Upgraded the game from 0.32-a0-815-g315f82d515 to
                  | 0.32-a0-818-gb728d0252e
 36277 | Elf:3    | Identified the +12 dagger "Hunar" {venom, Will+ Str+3 Int+3
                  | Stlth+}
 36443 | Elf:3    | Identified the ring of Jimuant {rC+ MP+9}
 36669 | Elf:3    | Identified the +7 dire flail "Oduaffye" {venom, rN+ Str+4}
 36816 | Elf:3    | Noticed Louise
 36825 | Elf:3    | Killed Louise
 37131 | Elf:3    | Identified the ring "Mecrun" {rF+ AC+4 Str+3 Dex+4}
 37194 | Elf:3    | Identified the +8 chain mail "Coefegio" {Regen+ rCorr Dex-3
                  | Slay+4}
 37329 | Elf:3    | Identified the +7 shortbow of the Eternal Warrior {freeze,
                  | rC++ Int+2}
 37340 | Elf:3    | Identified the +4 flail "Sakhlogha" {holy, Str+3 Dex+3}
 37342 | Elf:3    | Identified the +7 sling of Ancient Evil {heavy, rF+ SInv}
 37512 | Orc:2    | Bought the +3 crown of Dyrovepreva {rElec Int+2 SInv} for
                  | 579 gold pieces
 37512 | Orc:2    | Found the +3 crown of Dyrovepreva {rElec Int+2 SInv}
 37708 | Vaults:1 | Entered Level 1 of the Vaults
 38067 | Vaults:1 | Reached XP level 21. HP: 168/174 MP: 35/35
 38073 | Vaults:1 | Identified the +2 robe of Imufas {-Tele rElec Str+2}
 38073 | Vaults:1 | Noticed Boris
 38080 | Vaults:1 | Killed Boris
 39107 | Vaults:2 | Found a staircase to the Crypt.
 39672 | Vaults:2 | Identified the +3 robe of Filth {rF- Slay+5}
 39672 | Vaults:2 | Noticed Boris
 39683 | Vaults:2 | Killed Boris
 40321 | Vaults:3 | Reached XP level 22. HP: 184/184 MP: 29/37
 40878 | Vaults:3 | Noticed Zenata
 40896 | Vaults:3 | HP: 8/184 [Zenata/+3 triple sword of distortion (6)]
 41014 | Vaults:3 | Killed Zenata
 41300 | Vaults:4 | Reached skill level 10 in Armour
 41300 | Vaults:4 | Reached skill level 10 in Stealth
 41441 | Vaults:4 | Paralysed by a sphinx for 2 turns
 41543 | Vaults:4 | Found a runed translucent door.
 41543 | Vaults:4 | Found a shimmering altar of Xom.
 41543 | Vaults:4 | Noticed mn3067's ghost (veteran DjAE)
 42241 | Vaults:4 | Killed mn3067's ghost
 42283 | Vaults:5 | Entered Level 5 of the Vaults
 42283 | Vaults:5 | Noticed Saint Roka
 42543 | Vaults:5 | Reached XP level 23. HP: 183/194 MP: 38/38
 42587 | Vaults:4 | Killed Saint Roka
 42674 | Vaults:5 | Noticed a dread lich
 42730 | Vaults:4 | Killed a dread lich
 42740 | Vaults:5 | Noticed a golden dragon
 42740 | Vaults:5 | Noticed a golden dragon
 42742 | Vaults:5 | Killed a golden dragon
 42750 | Vaults:5 | Identified the +6 short sword "Didangaf" {venom, rC- rN++
                  | Dex+2}
 42942 | Vaults:5 | Killed a golden dragon
 43254 | Vaults:5 | Got a silver rune of Zot
 43268 | Vaults:5 | Identified the +1 orcbow of the Iron City of Dis {elec,
                  | +Blink Int+4 Stlth-}
 43307 | Vaults:5 | Noticed a golden dragon
 43315 | Vaults:5 | Killed a golden dragon
 43393 | Vaults:5 | Identified the +4 hand axe of Gomn {venom, rPois rC- Dex+3
                  | Stlth+}
 43541 | Vaults:5 | Got the Quarto of the Differential Summer
 43547 | Vaults:5 | Identified the +0 plate armour of the Mantidfly {Will-
                  | Int+7}
 44398 | Depths:1 | Entered Level 1 of the Depths
 44407 | Depths:1 | Found Aibod's Alliterative Armaments.
 44546 | Depths:1 | Found a gateway to Hell.
 44647 | Depths:1 | Found Weoluaf's Weapon Boutique.
 44649 | Depths:1 | Found Laneol's Magic Scroll Shop.
 44649 | Depths:1 | Found Reycar's Magic Scroll Boutique.
 44657 | Depths:1 | Found Eppos's Distillery.
 44660 | Depths:1 | Bought a scroll of fog for 48 gold pieces
 44660 | Depths:1 | Bought a scroll of teleportation for 36 gold pieces
 44660 | Depths:1 | Bought 2 scrolls of blinking for 180 gold pieces
 44660 | Depths:1 | Bought a scroll of butterflies for 48 gold pieces
 44669 | Depths:1 | Bought a scroll of enchant weapon for 90 gold pieces
 44828 | Depths:1 | Reached XP level 24. HP: 208/208 MP: 31/38
 44890 | Depths:1 | Bought a +2 double sword of distortion for 891 gold pieces
 44991 | Depths:1 | Found a one-way gate to the infinite horrors of the Abyss.
 45743 | Depths:2 | Found Perumar's Weapon Shoppe.
 45757 | Depths:2 | Found a transporter.
 45757 | Depths:2 | Identified the +4 robe "Zacs" {Int+3 Dex+5}
 45757 | Depths:2 | Identified the ring of Hyek Yhi {rCorr EV+5 Str+5 Dex-3}
 45757 | Depths:2 | Noticed Boris
 45936 | Depths:2 | Found a one-way gate leading to the halls of Pandemonium.
 45952 | Depths:2 | Found a transporter.
 46130 | Depths:2 | Identified the ring of Huocif Cigg {*Corrode rF+ MP+9 Str+2
                  | Int+6}
 46131 | Depths:2 | Paralysed by a Zot trap for 2 turns
 46136 | Depths:2 | Identified the ring of Tidwefakk {rC+++ rCorr Int+3 SInv
                  | Stlth-}
 46139 | Depths:2 | Killed Boris
 46273 | Depths:3 | Noticed Sojobo
 46280 | Depths:3 | Killed Sojobo
 46281 | Depths:3 | Reached skill level 1 in Shapeshifting
 46304 | Depths:3 | Identified the +4 robe "Qodesibe" {rC+ rN+ Str+3 Int-2
                  | Dex+3}
 46304 | Depths:3 | Noticed Boris
 46313 | Depths:3 | Killed Boris
 46534 | Depths:3 | You fall into a shaft and drop 1 floor!
 46534 | Depths:4 | Entered Level 4 of the Depths
 47305 | Depths:3 | Noticed a caustic shrike
 47311 | Depths:3 | Killed a caustic shrike
 47395 | Depths:3 | Noticed a juggernaut
 47407 | Depths:3 | Killed a juggernaut
 47608 | Depths:4 | Reached XP level 25. HP: 219/219 MP: 36/38
 47613 | Depths:4 | Found a one-way gateway to a ziggurat.
 47620 | Depths:4 | Reached skill level 5 in Shapeshifting
 47636 | Depths:4 | Found the +10 dark maul {heavy}
 48044 | Depths:4 | Found a gate to the Realm of Zot.
 48536 | Crypt:1  | Entered Level 1 of the Crypt
 49151 | Crypt:1  | Identified the +4 robe of Elyvilon's Outrage {*Slow +Blink
                  | Regen+ Int+8}
 49151 | Crypt:1  | Noticed Boris
 49162 | Crypt:1  | Killed Boris
 49530 | Crypt:2  | Noticed Vv
 49554 | Crypt:2  | Killed Vv
 49727 | Crypt:2  | Reached skill level 10 in Shapeshifting
 50072 | Crypt:3  | Entered Level 3 of the Crypt
 50293 | Crypt:3  | Found a basalt altar of Yredelemnul.
 50384 | Crypt:3  | Found the +7 great mace "Undeadhunter" {deathbane, rN+}
 50442 | Crypt:3  | Reached XP level 26. HP: 209/228 MP: 38/38
 50715 | Crypt:3  | Noticed Xtahua
 50731 | Crypt:3  | Killed Xtahua
 50788 | Crypt:3  | Found a staircase to the Tomb.
 50866 | Crypt:3  | Identified the orb of the Battered Demons {*channel, rPois
                  | MP+9 Dex+2 Slay+3}
 50866 | Crypt:3  | Noticed Frederick
 50878 | Crypt:3  | Killed Frederick
 50960 | Crypt:3  | Identified the +9 rapier "Ren Yhosho" {heavy, *Rage rElec
                  | Str+8 Dex+2}
 51286 | D:13     | Bought a scroll of brand weapon for 114 gold pieces
 51327 | D:13     | Bought a talisman of death for 1040 gold pieces
 51517 | Slime:1  | Entered Level 1 of the Pits of Slime
 51577 | Slime:1  | Gained mutation: Your magical capacity is low. (-10% MP) [a
                  | shining eye]
 51582 | Slime:2  | Noticed Dissolution
 51668 | Slime:2  | Killed Dissolution
 51922 | Slime:5  | Entered Level 5 of the Pits of Slime
 52025 | Slime:5  | Noticed the Royal Jelly
 52064 | Slime:5  | Killed the Royal Jelly
 52227 | Slime:5  | Gained mutation: You are clumsy. (Dex -2) [a shining eye]
 52331 | Slime:5  | Reached skill level 15 in Shapeshifting
 52450 | Slime:5  | Identified the +4 hand axe of Impatience {vamp, Will++}
 52525 | Slime:5  | Got the Compilation of the Tectonic Morgue
 52564 | Slime:5  | Got the Atlas of the Glacier and Percussion
 52585 | Slime:5  | Got a slimy rune of Zot
 53689 | Depths:1 | Voluntarily entered the Abyss.
 53870 | Abyss:2  | Lost mutation: Your magical capacity is low. (-10% MP)
                  | [potion of mutation]
 53870 | Abyss:2  | Lost mutation: You are clumsy. (Dex -2) [potion of
                  | mutation]
 53870 | Abyss:2  | Gained mutation: You are resistant to electric shocks.
                  | (rElec) [potion of mutation]
 53870 | Abyss:2  | Gained mutation: Armour fits poorly on your strangely
                  | shaped body. [potion of mutation]
 53870 | Abyss:2  | Gained mutation: You are somewhat resistant to further
                  | mutation. [potion of mutation]
 54087 | Abyss:3  | Found a corrupted altar of Lugonu.
 54087 | Abyss:3  | Found a corrupted altar of Lugonu.
 54087 | Abyss:3  | Found a corrupted altar of Lugonu.
 54135 | Abyss:3  | Reached XP level 27. HP: 222/235 MP: 5/38
 54153 | Abyss:3  | Got an abyssal rune of Zot
 54166 | Depths:1 | Escaped the Abyss
 54235 | Pan      | Entered Pandemonium
 54824 | Pan      | Found a huge runed translucent gate.
 54825 | Pan      | Found a huge runed translucent gate.
 54826 | Pan      | Found a huge runed translucent gate.
 54826 | Pan      | Found a huge runed translucent gate.
 54826 | Pan      | Found a huge runed translucent gate.
 54826 | Pan      | Found a huge runed translucent gate.
 54827 | Pan      | Found a huge runed translucent gate.
 54827 | Pan      | Found a huge runed translucent gate.
 54827 | Pan      | Found a huge runed translucent gate.
 54827 | Pan      | Found a huge runed translucent gate.
 54827 | Pan      | Found a huge runed translucent gate.
 54827 | Pan      | Found a huge runed translucent gate.
 54827 | Pan      | Found a huge runed translucent gate.
 54828 | Pan      | Found a huge runed translucent gate.
 54829 | Pan      | Found a huge runed translucent gate.
 54829 | Pan      | Noticed Xootte the pandemonium lord
 54830 | Pan      | Found a huge runed translucent gate.
 54830 | Pan      | Found a huge runed translucent gate.
 55043 | Pan      | Identified the +9 shortbow of Demonkind {heavy, rC+++ Int-3
                  | Dex+3 SInv}
 55133 | Pan      | Killed Xootte the pandemonium lord
 55234 | Pan      | Got the Monograph on Phantasmal Incandescence
 55246 | Pan      | Identified the +2 spear of the Charming Scavenger {flame,
                  | rPois rF- Dex+3}
 55635 | Pan      | Noticed Nayvirog the pandemonium lord
 55877 | Pan      | Killed Nayvirog the pandemonium lord
 56651 | Pan      | Identified the +2 robe "Oladwum" {Str+3}
 56982 | Pan      | Noticed Qeumit the pandemonium lord
 56995 | Pan      | Killed Qeumit the pandemonium lord
 57054 | Pan      | Got a demonic rune of Zot
 57127 | Pan      | Entered the realm of Cerebov.
 57513 | Pan      | Identified the +4 falchion "Daluec" {spect, Str+2 Int+3}
 57516 | Pan      | Identified the ring of the Mutiny {rPois rCorr EV+5}
 57570 | Pan      | Found the +6 sword of Cerebov {flame}
 57570 | Pan      | Noticed Cerebov
 57594 | Pan      | Killed Cerebov
 57753 | Pan      | Got a fiery rune of Zot
 57759 | Pan      | Lost mutation: You are somewhat resistant to further
                  | mutation. [potion of mutation]
 57759 | Pan      | Lost mutation: Armour fits poorly on your strangely shaped
                  | body. [potion of mutation]
 57759 | Pan      | Lost mutation: You are resistant to electric shocks.
                  | (rElec) [potion of mutation]
 57759 | Pan      | Gained mutation: You are agile. (Dex +4, Str/Int -1)
                  | [potion of mutation]
 57759 | Pan      | Gained mutation: You occasionally lose the ability to read
                  | scrolls when taking damage. [potion of mutation]
 57759 | Pan      | Gained mutation: You possess an exceptional clarity of
                  | mind. [potion of mutation]
 57760 | Pan      | Lost mutation: You are agile. (Dex +4, Str/Int -1) [potion
                  | of mutation]
 57760 | Pan      | Lost mutation: You possess an exceptional clarity of mind.
                  | [potion of mutation]
 57760 | Pan      | Lost mutation: You occasionally lose the ability to read
                  | scrolls when taking damage. [potion of mutation]
 57760 | Pan      | Gained mutation: You occasionally lose the ability to drink
                  | potions when taking damage. [potion of mutation]
 57760 | Pan      | Gained mutation: Your body sometimes deteriorates upon
                  | taking damage. [potion of mutation]
 57760 | Pan      | Gained mutation: You are covered in fur. (AC +1) [potion of
                  | mutation]
 57761 | Pan      | Lost mutation: You are covered in fur. (AC +1) [potion of
                  | mutation]
 57761 | Pan      | Lost mutation: Your body sometimes deteriorates upon taking
                  | damage. [potion of mutation]
 57761 | Pan      | Lost mutation: You occasionally lose the ability to drink
                  | potions when taking damage. [potion of mutation]
 57761 | Pan      | Gained mutation: You are agile. (Dex +4, Str/Int -1)
                  | [potion of mutation]
 57761 | Pan      | Gained mutation: You are frail. (-10% HP) [potion of
                  | mutation]
 57761 | Pan      | Gained mutation: You occasionally lose the ability to drink
                  | potions when taking damage. [potion of mutation]
 57761 | Pan      | Gained mutation: Your muscles are strong. (Str +4, Int/Dex
                  | -1) [potion of mutation]
 57762 | Pan      | Lost mutation: You are frail. (-10% HP) [potion of
                  | mutation]
 57762 | Pan      | Lost mutation: Your muscles are strong. (Str +4, Int/Dex
                  | -1) [potion of mutation]
 57762 | Pan      | Lost mutation: You are agile. (Dex +4, Str/Int -1) [potion
                  | of mutation]
 57762 | Pan      | Gained mutation: You are partially covered in iridescent
                  | scales. (AC +2) [potion of mutation]
 57762 | Pan      | Gained mutation: You are occasionally teleported next to
                  | monsters. [potion of mutation]
 57762 | Pan      | Gained mutation: You are partially covered in large bone
                  | plates. (SH +4) [potion of mutation]
 57763 | Pan      | Lost mutation: You are occasionally teleported next to
                  | monsters. [potion of mutation]
 57763 | Pan      | Lost mutation: You occasionally lose the ability to drink
                  | potions when taking damage. [potion of mutation]
 57763 | Pan      | Gained mutation: You are mostly covered in iridescent
                  | scales. (AC +4) [potion of mutation]
 57763 | Pan      | Gained mutation: Your mind is acute. (Int +4, Str/Dex -1)
                  | [potion of mutation]
 58362 | Pan      | Identified the +6 whip "Pokheoq" {vamp, rF+ Will++}
 58475 | Pan      | Identified the +8 chain mail "Qaetog" {Harm MP+9}
 58562 | Pan      | Identified the +1 chain mail of the Forest {Dex+6}
 58566 | Pan      | Identified the staff "Ocaehil" {*Slow rPois rF+ Str+3 Conj}
 58643 | Pan      | Identified the staff "Luvelih" {rC+ rN+ Int+3 Ice}
 59019 | Pan      | Entered the realm of Lom Lobon.
 59032 | Pan      | Found a burning altar of Makhleb.
 59106 | Pan      | D
 59139 | Pan      | Identified the +4 arbalest of Bedazzling Terror {freeze,
                  | rElec Str+5 Dex+2}
 59565 | Pan      | Noticed Lom Lobon
 59577 | Pan      | Killed Lom Lobon
 59589 | Pan      | Got a magical rune of Zot
 60824 | Pan      | Entered the realm of Gloorx Vloq.
 60870 | Pan      | Found an exit through the horrors of the Abyss.
 61588 | Pan      | Noticed Gloorx Vloq
 61595 | Pan      | Killed Gloorx Vloq
 61688 | Pan      | Got a dark rune of Zot
 61959 | Pan      | Entered the realm of Mnoleg.
 62225 | Pan      | Noticed Mnoleg
 62264 | Pan      | Killed Mnoleg
 63017 | Pan      | Got a glowing rune of Zot
 63092 | Depths:2 | Escaped Pandemonium
 63170 | Zig:1    | Entered Level 1 of a ziggurat
 63190 | Zig:2    | Entered Level 2 of a ziggurat
 63207 | Zig:3    | Entered Level 3 of a ziggurat
 63210 | Zig:3    | Noticed Adouqi the pandemonium lord
 63226 | Zig:3    | Killed Adouqi the pandemonium lord
 63240 | Zig:4    | Entered Level 4 of a ziggurat
 63291 | Zig:5    | Entered Level 5 of a ziggurat
 63309 | Zig:6    | Entered Level 6 of a ziggurat
 63355 | Zig:6    | Identified the +9 orcbow "Yzuedeyr" {drain, rN+ rCorr}
 63374 | Zig:6    | Got the Tome of Non-Euclidean Alteration
 63380 | Zig:7    | Entered Level 7 of a ziggurat
 63386 | Zig:7    | Noticed a royal mummy
 63390 | Zig:7    | Killed a royal mummy
 63403 | Zig:8    | Entered Level 8 of a ziggurat
 63410 | Zig:8    | Noticed Wouhox the pandemonium lord
 63416 | Zig:8    | Killed Wouhox the pandemonium lord
 63443 | Zig:8    | Identified the +2 robe "Owara" {rC+ Stlth+ Archmagi}
 63452 | Zig:8    | Got the Encyclopedia of Vehement Contamination
 63459 | Zig:9    | Entered Level 9 of a ziggurat
 63541 | Zig:10   | Entered Level 10 of a ziggurat
 63544 | Zig:10   | Noticed a juggernaut
 63556 | Zig:10   | Killed a juggernaut
 63558 | Zig:10   | Noticed a juggernaut
 63568 | Zig:10   | Killed a juggernaut
 63581 | Zig:10   | Found the +8 trishula "Condemnation" {holy, anguish, *Noise
                  | Fly rN+}
 63642 | Zig:11   | Entered Level 11 of a ziggurat
 63650 | Zig:11   | Noticed a royal mummy
 63670 | Zig:11   | Killed a royal mummy
 63745 | Zig:11   | Identified the +0 ring mail of Action {+Inv Stlth+}
 63751 | Zig:11   | Identified the +0 swamp dragon scales of Xuazuumo {rPois
                  | Str+3}
 63757 | Zig:11   | Got the Almanac of Algid Momentum
 63760 | Zig:12   | Entered Level 12 of a ziggurat
 63925 | Zig:12   | Identified the staff of the Noxious God {SInv Conj}
 63966 | Zig:13   | Entered Level 13 of a ziggurat
 63975 | Zig:13   | Noticed an ancient lich
 64078 | Depths:4 | Lost mutation: You are mostly covered in iridescent scales.
                  | (AC +4) [potion of mutation]
 64078 | Depths:4 | Lost mutation: You are partially covered in large bone
                  | plates. (SH +4) [potion of mutation]
 64078 | Depths:4 | Lost mutation: Your mind is acute. (Int +4, Str/Dex -1)
                  | [potion of mutation]
 64078 | Depths:4 | Gained mutation: You have an increased reservoir of magic.
                  | (+10% MP) [potion of mutation]
 64079 | Depths:4 | Lost mutation: You are partially covered in iridescent
                  | scales. (AC +2) [potion of mutation]
 64079 | Depths:4 | Lost mutation: You have an increased reservoir of magic.
                  | (+10% MP) [potion of mutation]
 64079 | Depths:4 | Gained mutation: Your spells are a little harder to cast,
                  | but a little more powerful. [potion of mutation]
 64079 | Depths:4 | Gained mutation: Your magical capacity is low. (-10% MP)
                  | [potion of mutation]
 64080 | Depths:4 | Lost mutation: Your magical capacity is low. (-10% MP)
                  | [potion of mutation]
 64080 | Depths:4 | Lost mutation: Your spells are a little harder to cast, but
                  | a little more powerful. [potion of mutation]
 64080 | Depths:4 | Gained mutation: You are weak. (Str -2) [potion of
                  | mutation]
 64081 | Depths:4 | Lost mutation: You are weak. (Str -2) [potion of mutation]
 64081 | Depths:4 | Gained mutation: Your flesh is cold resistant. (rC+)
                  | [potion of mutation]
 64081 | Depths:4 | Gained mutation: You occasionally shout uncontrollably at
                  | your foes. [potion of mutation]
 64081 | Depths:4 | Gained mutation: You possess an exceptional clarity of
                  | mind. [potion of mutation]
 64082 | Depths:4 | Lost mutation: You occasionally shout uncontrollably at
                  | your foes. [potion of mutation]
 64082 | Depths:4 | Lost mutation: You possess an exceptional clarity of mind.
                  | [potion of mutation]
 64082 | Depths:4 | Lost mutation: Your flesh is cold resistant. (rC+) [potion
                  | of mutation]
 64082 | Depths:4 | Gained mutation: You occasionally lose the ability to drink
                  | potions when taking damage. [potion of mutation]
 64082 | Depths:4 | Gained mutation: You have a somewhat thin skeletal
                  | structure. (Dex +2, Stealth+) [potion of mutation]
 64082 | Depths:4 | Gained mutation: You are partially covered in large bone
                  | plates. (SH +4) [potion of mutation]
 64102 | Hell     | Entered the Vestibule of Hell
 64102 | Hell     | Noticed Geryon
 64112 | Hell     | Killed Geryon
 64139 | Hell     | Found a gateway to the decaying netherworld of Tartarus.
 64155 | Tar:1    | Entered Level 1 of Tartarus
 64191 | Tar:1    | Noticed an ancient lich
 64201 | Tar:1    | Killed an ancient lich
 64482 | Tar:2    | Noticed an ancient lich
 64493 | Tar:2    | Killed an ancient lich
 65102 | Tar:7    | Entered Level 7 of Tartarus
 65431 | Tar:7    | Noticed an ancient lich
 65435 | Tar:7    | Killed an ancient lich
 65541 | Tar:7    | Noticed Ereshkigal
 65554 | Tar:7    | Killed Ereshkigal
 65562 | Tar:7    | Noticed an ancient lich
 65566 | Tar:7    | Killed an ancient lich
 65689 | Tar:7    | Identified the +1 war axe of the Grave {elec, Dex+6}
 65830 | Tar:7    | Reached skill level 15 in Armour
 65831 | Tar:7    | Noticed a dread lich
 65837 | Tar:7    | Noticed a dread lich
 65841 | Tar:7    | Killed a dread lich
 65852 | Tar:7    | Killed a dread lich
 66063 | Tar:7    | Identified the +7 quarterstaff of Zusoezeo {drain, rN+
                  | Int+3}
 66398 | Tar:7    | Identified the +1 great sword "Numix" {flame, Str+5}
 66486 | Tar:7    | Got a bone rune of Zot
 66519 | Tar:7    | Identified the staff "Hellblazer" {rF+ Hexes Earth}
 66520 | Tar:7    | Identified the staff of Aniet {rF+ rCorr Necro Fire}
 66524 | Tar:7    | Got the Discursus on Abominable Spells
 66655 | Hell     | Found a gateway to the ashen valley of Gehenna.
 66670 | Geh:1    | Entered Level 1 of Gehenna
 67281 | Geh:7    | Entered Level 7 of Gehenna
 67592 | Geh:7    | Noticed the Serpent of Hell
 67606 | Geh:7    | Killed the Serpent of Hell
 67921 | Geh:7    | Found the +13 sceptre of Asmodeus
 67921 | Geh:7    | Noticed Asmodeus
 67924 | Geh:7    | Reached skill level 27 in Long Blades
 67938 | Geh:7    | Killed Asmodeus
 68044 | Geh:7    | Got an obsidian rune of Zot
 68244 | Geh:7    | Found the +8 autumn katana {manifold assault}
 68945 | Hell     | Found a gateway to the Iron City of Dis.
 68976 | Dis:1    | Entered Level 1 of the Iron City of Dis
 69636 | Dis:7    | Entered Level 7 of the Iron City of Dis
 71021 | Dis:7    | Identified the +1 ring mail of the Engineer {-Cast ^Drain
                  | rElec rN+++ Stlth+}
 71212 | Dis:7    | Noticed Dispater
 71232 | Dis:7    | Killed Dispater
 71284 | Dis:7    | Identified the ring of Cuotats {*Slow rF++ Str+3 Int-4
                  | Dex+6}
 71288 | Dis:7    | Got an iron rune of Zot
 71290 | Dis:7    | Identified the +8 trident of Divine Courage {heavy, rC+
                  | Str+2 Dex+4}
 71469 | Hell     | Found a gateway to the freezing wastes of Cocytus.
 71720 | Coc:1    | Entered Level 1 of Cocytus
 72126 | Coc:3    | Reached skill level 27 in Fighting
 72786 | Coc:7    | Entered Level 7 of Cocytus
 73219 | Coc:7    | Noticed a dread lich
 73223 | Coc:7    | Killed a dread lich
 73231 | Coc:7    | Reached skill level 15 in Spellcasting
 73401 | Coc:7    | Found the +3 Mad Mage's Maulers {Infuse+∞ VampMP -Cast}
 73436 | Coc:7    | Identified the staff of Ebloux {rPois rC++ Dex-5 Summ
                  | Alchemy}
 73437 | Coc:7    | Identified the +1 hand axe of the Original Sin {freeze,
                  | Str+5}
 73438 | Coc:7    | Identified the +9 short sword of the Howling Seeker {heavy,
                  | ^Contam Str+3 Dex+2}
 73638 | Coc:7    | Paralysed by a wendigo for 1 turns
 73681 | Coc:7    | Identified the +4 long sword of Muesh {venom, *Rage Str+3}
 73681 | Coc:7    | Identified the amulet of the Pariah {Acrobat ^Contam rElec
                  | rF+ Int+6}
 73681 | Coc:7    | Noticed Antaeus
 73703 | Coc:7    | Killed Antaeus
 73763 | Coc:7    | Found the -2 hat of the Alchemist {rElec rPois rF+ rC+ rN+
                  | Will+ rMut rCorr}
 73785 | Coc:7    | Got an icy rune of Zot
 74298 | Tomb:1   | Entered Level 1 of the Tomb of the Ancients
 74517 | Tomb:1   | Noticed a royal mummy
 74528 | Tomb:1   | Killed a royal mummy
 74891 | Tomb:1   | Noticed a royal mummy
 74892 | Tomb:1   | Noticed a royal mummy
 74899 | Tomb:1   | Killed a royal mummy
 74900 | Tomb:1   | Killed a royal mummy
 74930 | Tomb:2   | Noticed a royal mummy
 74930 | Tomb:2   | Noticed a royal mummy
 74932 | Tomb:2   | Noticed a royal mummy
 74940 | Tomb:2   | Noticed a royal mummy
 74962 | Tomb:2   | Identified the +3 halberd "Syaracec" {chaos, rElec rC-
                  | rCorr Str+3}
 74995 | Tomb:2   | Killed a royal mummy
 75001 | Tomb:2   | Killed a royal mummy
 75019 | Tomb:2   | Killed a royal mummy
 75022 | Tomb:2   | Killed a royal mummy
 75284 | Tomb:1   | Noticed a royal mummy
 75285 | Tomb:1   | Noticed a royal mummy
 75285 | Tomb:1   | Noticed a royal mummy
 75290 | Tomb:1   | Killed a royal mummy
 75291 | Tomb:1   | Killed a royal mummy
 75291 | Tomb:1   | Noticed a royal mummy
 75292 | Tomb:1   | Killed a royal mummy
 75297 | Tomb:1   | Killed a royal mummy
 75300 | Tomb:1   | Noticed a royal mummy
 75304 | Tomb:1   | Noticed a royal mummy
 75305 | Tomb:1   | Killed a royal mummy
 75311 | Tomb:1   | Killed a royal mummy
 75315 | Tomb:1   | Noticed a royal mummy
 75320 | Tomb:1   | Killed a royal mummy
 75322 | Tomb:1   | Noticed a royal mummy
 75330 | Tomb:1   | Killed a royal mummy
 75433 | Tomb:1   | Noticed a royal mummy
 75435 | Tomb:1   | Noticed a royal mummy
 75438 | Tomb:1   | Noticed a royal mummy
 75440 | Tomb:1   | Noticed a royal mummy
 75446 | Tomb:1   | Killed a royal mummy
 75449 | Tomb:1   | Killed a royal mummy
 75452 | Tomb:1   | Noticed a royal mummy
 75454 | Tomb:1   | Killed a royal mummy
 75458 | Tomb:1   | Killed a royal mummy
 75466 | Tomb:1   | Killed a royal mummy
 75470 | Tomb:1   | Noticed a royal mummy
 75502 | Tomb:1   | Killed a royal mummy
 75626 | Tomb:3   | Entered Level 3 of the Tomb of the Ancients
 75641 | Tomb:3   | Noticed a royal mummy
 75642 | Tomb:3   | Noticed a royal mummy
 75647 | Tomb:3   | Paralysed by a Zot trap for 2 turns
 75657 | Tomb:3   | Noticed Khufu
 75659 | Tomb:3   | Noticed a royal mummy
 75659 | Tomb:3   | Noticed a royal mummy
 75659 | Tomb:3   | Noticed a royal mummy
 75663 | Tomb:3   | Killed Khufu
 75667 | Tomb:3   | Noticed a royal mummy
 75669 | Tomb:3   | Noticed a royal mummy
 75675 | Tomb:3   | Killed a royal mummy
 75687 | Tomb:3   | Killed a royal mummy
 75689 | Tomb:3   | Identified the +9 short sword of the Poles {freeze, rF+
                  | rC++}
 75696 | Tomb:3   | Killed a royal mummy
 75697 | Tomb:3   | Reached skill level 27 in Dodging
 75703 | Tomb:3   | Identified the +1 sling "Murmur" {antimagic, Str+3}
 75707 | Tomb:3   | Noticed a royal mummy
 75711 | Tomb:3   | Killed a royal mummy
 75790 | Tomb:3   | Killed a royal mummy
 75798 | Tomb:3   | Killed a royal mummy
 75802 | Tomb:3   | Killed a royal mummy
 75818 | Tomb:3   | Killed a royal mummy
 76118 | Tomb:3   | Identified the +4 war axe "Worm's Wrath" {freeze, Str+7}
 76141 | Tomb:3   | Got Sif Muna's Encyclopedia of Incandescence
 76142 | Tomb:3   | Identified the staff of Qagocanu {rPois Int+2 Stlth+
                  | Alchemy}
 76151 | Tomb:3   | Identified the +9 longbow of Kacops {flame, rF+}
 76196 | Tomb:3   | Identified the +0 chain mail of Gozag's Scorn {Harm Slay+3}
 76198 | Tomb:3   | Identified the +1 dagger of the Ancients {venom, Str+4}
 76305 | Tomb:3   | Got a golden rune of Zot
 76894 | Zot:1    | Entered Level 1 of the Realm of Zot
 77635 | Zot:5    | Entered Level 5 of the Realm of Zot
 77807 | Zot:5    | Acquired 676 gold pieces
 77824 | Zot:5    | Noticed an ancient lich
 77827 | Zot:5    | Killed an ancient lich
 77840 | Zot:5    | Noticed an orb of fire
 77848 | Zot:5    | Killed an orb of fire
 78025 | Zot:5    | Got the Orb of Zot
 78507 | D:$      | Escaped with the Orb!

Illustrated notes

#......# .
#......# ..
#.....∩# H..
#......#
....#######^.....#
.................#
.................#
......$z.........#
..............####
.......###'#..#
...#### ...#..# ..
....)#..# .
......#..#
......#..#
..#####..#
.#####......#


Turn 59106 on Pan: D

Levels and vault maps discovered:
D:1:      saegor_arrival_simple_b, layout_rooms,
          shapermc_ecumenical_altar_starsandcircs
D:2:      layout_rooms, basic_altar, minmay_misc_feat_cross, uniq_jessica
D:3:      layout_loops_ring, nicolae_overflow_hidden_temple,
          nicolae_overflow_two_pavilions, uniq_terence, uniq_sigmund, uniq_ijyb
D:4:      layout_cave_pools, gammafunk_temple_overflow_elements
D:5:      layout_basic, mainiacjoe_overflow_tiny_flanked,
          minmay_temple_entry_trees, serial_bayou, serial_bayou_ford_a,
          serial_bayou_pond_c, serial_bayou_pond_c, serial_bayou_pond_e,
          nrook_mini_backslash
D:6:      layout_loops_corners, nicolae_qazlal_scattered_showers,
          nicolae_ossuary_entry_giza
D:7:      layout_loops_corners, mainiacjoe_overflow_cross_hatched,
          mainiacjoe_overflow_concentric_impassable, abandoned_shop
D:8:      layout_rooms, lemuel_zombie_altar_kikubaaqudgha,
          amcnicky_altar_gilded, minmay_lair_entry_grove
D:9:      layout_cave_pools, enter_bailey_4, uniq_prince_ribbit1, uniq_joseph,
          uniq_pikel, uniq_grum
D:10:     layout_loops_ring, marbit_many_paths, hiddenorc2_lemuel, serial_shops,
          nicolae_shop_hallway_plus, uniq_harold
D:11:     layout_roguey, serial_shops, kennysheep_little_box
D:12:     layout_loops_ring
D:13:     giant_chief_lemuel, layout_basic, serial_shops, nicolae_stop_n_shop_1,
          nicolae_shop_just_a_little_nook, nicolae_shop_gaudy_bauble,
          nicolae_ru_great_annihilating_truth
D:14:     layout_cave_pools, skrybe_vaults_entry_preservation, fedhas_altar_1,
          nicolae_doodle_vault
D:15:     hangedman_depths_entry_civil_slaughter, layout_cave_pods,
          serial_shops, shop, shop, shop, shop, dispersion_dpeg
Temple:   jpeg_temple_alley_garden
Lair:1:   layout_regular_city, pond
Lair:2:   layout_hall_layers, nicolae_snake_entry_warm_welcome,
          gammafunk_ghost_berserking_beasts, serial_bayou_crossing,
          lemuel_fruit_fields, uniq_nergalle, uniq_erica
Lair:3:   layout_chaotic_city, elwin_shoals_entry_stream, columned_hall_lemuel
Lair:4:   layout_regular_city, minmay_slime_entry_jelly_boxes, roderic_batcave,
          infiniplex_staircase_pool, grunt_megastairs_2, serial_bayou_shore_a
Lair:5:   minmay_lair_end_frog_pond, layout_loops_ring,
          ebering_ghost_disaster_area
Shoals:1: layout_shoals, nicolae_shoals_water_shrine
Shoals:2: layout_shoals, nicolae_shoals_lost_giant_hut,
          nicolae_shoals_former_cling_halls
Shoals:3: layout_shoals
Shoals:4: shoals_end_grunt_garden, layout_shoals, shoal_ilsuiw,
          nicolae_shoals_square_sea_wall, nicolae_shoals_loop_pool,
          uniq_polyphemus
Snake:1:  layout_chambers, portal_ice_cave_entry_dragon, grunt_megastairs_5,
          uniq_aizul
Snake:2:  layout_grid_maze
Snake:3:  layout_basic, uniq_asterion, uniq_jorgrun, uniq_roxanne
Snake:4:  minmay_snake_end_coiled, layout_onion, nicolae_snake_bzzzt,
          grunt_megastairs_4
Slime:1:  layout_caves
Slime:2:  layout_caves, dissolution_awaits
Slime:3:  layout_caves
Slime:4:  layout_caves, nicolae_slime_rock_hall_of_fame
Slime:5:  slime_pit_nicolae_block_by_block
Orc:1:    layout_diamond_mine, basic_altar
Orc:2:    st_orc_rangers, layout_diamond_mine, nicolae_shop_vocational
Elf:1:    eino_elf_arrival_altar, layout_gridlike, minmay_elf_necromancy,
          uniq_agnes
Elf:2:    nicolae_elf_blades_splatter_lattice
          [nicolae_blade_entry_area_security], layout_rooms,
          gammafunk_ghost_arena, nicolae_shop_i_like_big_books
Elf:3:    minmay_elf_hall_curves, layout_loops_ring, uniq_louise, uniq_boris
Vaults:1: ontoclasm_vaults_ligature, vaults_mumra_hexcomb,
          nicolae_vaults_closet_pinwheel_1, hangedman_vaults_corner_blocks,
          vaults_dpeg_encased_lava, nicolae_vaults_tetromino_T_1,
          vaults_room_guarded_vault, ontoclasm_vaults_gateway,
          layout_vaults_chaotic_city
Vaults:2: nicolae_vaults_closet_pinwheel_4, nicolae_vaults_little_squares_4,
          nicolae_vaults_asterisk, nicolae_vaults_loss_of_containment,
          v_misc_30, ontoclasm_vaults_ring_square, hangedman_vaults_cutoff,
          vaults_mumra_lcd, nicolae_vaults_rhombus_5, hangedman_vaults_pinch,
          nicolae_vaults_turnstiles, nicolae_vaults_closet_pinwheel_4,
          vaults_dpeg_hooks, minmay_crypt_entry_simple_corners,
          nicolae_vaults_trapezoid_3, layout_vaults_omnibox
Vaults:3: hangedman_vaults_snaps, hangedman_vaults_cutoff,
          nicolae_vaults_double_plus_2, nicolae_vaults_diamond_2,
          nicolae_vaults_border_crossing, nicolae_vaults_weapon_check,
          hangedman_vaults_maws, nicolae_vaults_whirlpool_walls, v_misc_12,
          v_alt_pattern_1, vaults_room_ringed_pool,
          nicolae_vaults_little_squares_4, layout_vaults_ring, uniq_zenata
Vaults:4: ebering_ghost_xom, hangedman_vaults_stagger, grunt_vaults_funnel,
          nicolae_vaults_doubleplus_tesselated,
          nicolae_vaults_corridor_and_loot_room, hangedman_vaults_river_flow,
          nicolae_vaults_twisting_passages, ontoclasm_vaults_chip,
          layout_vaults_omnicross
Vaults:5: uniq_saint_roka
Crypt:1:  layout_chaotic_city
Crypt:2:  layout_gridlike, uniq_vv
Crypt:3:  grunt_crypt_end_deaths_head, uniq_xtahua, uniq_frederick
Tomb:1
Tomb:2
Tomb:3
Depths:1: layout_honeycomb, nicolae_hell_entry_hellmouth_sunbeams,
          minmay_misc_feat_nine_boxes, abyss_entry_glasseish,
          monkooky_shop_alliterative, minmay_shoptagon
Depths:2: gammafunk_its_a_trap, layout_gridlike, serial_shops, shop,
          grunt_hell_entry_dis_grunt, pan_entry
Depths:3: lemuel_traditional_vault, layout_basic, hangedman_tar_grid_catacomb,
          grunt_pan_entry_zigzag, abyss_entry, minmay_staircase_windowed_small,
          uniq_sojobo
Depths:4: evilmike_zot_entry_basic, layout_cave_shapes, enter_ziggurat_a,
          rand_demon_pan_entry_8, hell_entry, abyss_entry,
          kennysheep_crisscross, st_stairs_1, nicolae_triple_integral,
          serial_bayou_shore_b
Hell
Dis:1:    layout_regular_city, serial_glass, glass_columns_b, glass_columns_b
Dis:2:    layout_subdivisions
Dis:3:    layout_gridville, nicolae_dis_strange_trophy_room
Dis:4:    layout_gridville, nicolae_dis_grated_feature
Dis:5:    layout_overlapping_boxes, nicolae_dis_step_into_the_octagon
Dis:6:    layout_subdivisions
Dis:7:    iron_city_of_dis [dis_mu, dis_wall_2], layout_gridville
Geh:1:    layout_gehenna_pools_box
Geh:2:    layout_gehenna_lava_caves
Geh:3:    nicolae_hells_giants_party, layout_gehenna_pools_basic
Geh:4:    layout_gehenna_pools_basic
Geh:5:    layout_gehenna_lava_caves
Geh:6:    layout_gehenna_lava_caves
Geh:7:    evilmike_geh
Coc:1:    layout_cocytus_delve
Coc:2:    layout_cocytus_delve
Coc:3:    layout_ice_bergs
Coc:4:    layout_ice_bergs
Coc:5:    layout_cocytus_delve
Coc:6:    layout_ice_bergs
Coc:7:    coc_grunt
Tar:1:    layout_catacombs, nicolae_tar_just_some_guys
Tar:2:    layout_grid_maze, nicolae_hells_hurtin_island
Tar:3:    layout_grid_maze
Tar:4:    layout_cathedral_of_symmetry
Tar:5:    layout_cathedral_of_symmetry
Tar:6:    layout_grid_maze, nicolae_tar_honey_rotating
Tar:7:    tar_grunt_cathedral
Zot:1:    layout_onion_interference, gammafunk_ghost_wrathful_warriors
Zot:2:    layout_cathedral_of_symmetry, grunt_ministairs_12,
          st_large_dragon_hoard_4
Zot:3:    cheibrodos_zot_enchanting_chambers, layout_misc_corridors
Zot:4:    layout_gridlike, grunt_megastairs_1
Zot:5:    layout_basic

Skill      XL: |  1  2  3  4  5  6  7  8  9 10 11 12 13 14 15 16 17 18 19 20 21 22 23 24 25 26 27 |
---------------+----------------------------------------------------------------------------------+-----
Armour         | 1 5 6 7 9 10 23 | 23.8
Dodging        | 2 3 4 5 6 7 9 10 11 13 14 15 16 17 19 20 21 22 27 | 27.0
Spellcasting   | 2 3 4 5 7 9 10 11 18 | 18.0
Fighting       | 3 4 5 7 8 10 11 13 14 15 16 17 18 19 21 22 23 27 | 27.0
Long Blades    | 3 4 5 7 8 10 11 12 14 15 16 17 27 | 27.0
Translocations | 4 5 6 7 8 9 10 11 12 13 15 16 17 19 | 19.0
Stealth        | 1 5 6 7 9 10 12 | 12.0
Shapeshifting  | 4 11 16 23 | 23.0
Throwing       | |  0.8

Action                     |  1- 3 |  4- 6 |  7- 9 | 10-12 | 13-15 | 16-18 | 19-21 | 22-24 | 25-27 || total
---------------------------+-------+-------+-------+-------+-------+-------+-------+-------+-------++-------
  Melee: Falchion          |    48 |    30 |   191 |   251 |       |       |       |       |       ||   520
         Dagger            |    35 |       |       |       |       |       |       |       |       ||    35
         Quick blade       |    17 |    80 |   384 |   810 |  1417 |  1793 |   984 |       |       ||  5485
         Long sword        |       |       |       |   162 |   111 |       |       |       |       ||   273
         Scimitar          |       |       |       |       |   681 |  1010 |  1109 |   633 |       ||  3433
         Unarmed           |       |       |       |       |    42 |       |       |       |       ||    42
         Double sword      |       |       |       |       |       |       |   511 |  1273 | 11360 || 13144
  Throw: Dart              |       |       |       |     9 |       |       |       |       |       ||     9
   Cast: Manifold Assault  |       |       |     2 |    30 |   105 |   208 |   322 |   250 |  1152 ||  2069
Ability: Invent Gizmo      |       |       |       |       |       |       |     1 |       |       ||     1
  Evoke: Wand              |       |       |       |     3 |       |       |     1 |       |     5 ||     9
    Use: Scroll            |     6 |     3 |     6 |    14 |    10 |    12 |     7 |    12 |    38 ||   108
         Potion            |       |       |       |     1 |     1 |     4 |     1 |     3 |    15 ||    25
   Stab: Sleeping          |       |     1 |     6 |     8 |     9 |    27 |    19 |    21 |    50 ||   141
         Distracted        |       |       |       |     2 |     4 |     6 |    12 |     7 |    65 ||    96
         Paralysed         |       |       |       |       |     1 |       |       |       |       ||     1
 Armour: Leather armour    |    41 |    34 |    40 |       |       |       |       |       |       ||   115
         Robe              |       |       |    89 |   187 |   218 |   319 |   258 |   188 |  1008 ||  2267
         Skin              |       |       |       |       |     5 |       |       |       |       ||     5
  Dodge: Dodged            |    22 |    20 |   132 |   403 |   667 |   898 |   762 |   663 |  5422 ||  8989
  Block: Other             |       |       |       |       |       |       |       |       |   384 ||   384
   Form: Death             |       |       |       |       |       |       |       |       |     3 ||     3
                           |       |       |       |       |       |       |       |       |     2 ||     2

Table legend: (Time is in decaauts)
 A = Elapsed time spent in this place.
 B = Non-inter-level travel time spent in this place.
 C = Inter-level travel time spent in this place.
 D = Time resting spent in this place.
 E = Time spent auto-exploring this place.
 F = Levels seen in this place.
 G = Mean time per level.
                   A        B        C        D        E       F      G
               +--------+--------+--------+--------+--------+-----+--------+
         Total | 123807 | 112446 |  11361 |   4127 |  79115 | 119 | 1040.4 |
       Dungeon |  23264 |  19108 |   4156 |    437 |  15206 |  15 | 1550.9 |
        Temple |     85 |      1 |     84 |      0 |      0 |   1 |   85.0 |
          Lair |   9941 |   8752 |   1189 |    296 |   6925 |   5 | 1988.2 |
        Shoals |   6427 |   6105 |    322 |    173 |   4623 |   4 | 1606.8 |
     Snake Pit |  11007 |  10499 |    508 |    608 |   8238 |   4 | 2751.8 |
    Slime Pits |   3049 |   2850 |    199 |    106 |   2133 |   5 |  609.8 |
  Orcish Mines |   2184 |   1622 |    562 |     79 |   1212 |   2 | 1092.0 |
   Elven Halls |   6335 |   5936 |    399 |    257 |   4262 |   3 | 2111.7 |
        Vaults |  11475 |  10283 |   1192 |    419 |   7768 |   5 | 2295.0 |
         Crypt |   4852 |   4034 |    818 |      1 |   3169 |   3 | 1617.3 |
          Tomb |   3783 |   3783 |      0 |    103 |   1991 |   3 | 1261.0 |
        Depths |   7699 |   6589 |   1110 |     68 |   5303 |   4 | 1924.8 |
          Hell |    699 |    645 |     54 |    247 |     24 |   1 |  699.0 |
           Dis |   3874 |   3675 |    199 |    200 |   1831 |   7 |  553.4 |
       Gehenna |   3760 |   3625 |    135 |    199 |   1872 |   7 |  537.1 |
       Cocytus |   3017 |   2710 |    307 |    479 |   1202 |   7 |  431.0 |
      Tartarus |   3948 |   3869 |     79 |    194 |   2215 |   7 |  564.0 |
           Zot |   1799 |   1757 |     42 |      0 |   1133 |   5 |  359.8 |
         Abyss |    810 |    810 |      0 |      3 |    432 |   3 |  270.0 |
   Pandemonium |  14479 |  14479 |      0 |    204 |   9102 |  14 | 1034.2 |
      Ziggurat |   1114 |   1114 |      0 |     52 |    357 |  13 |   85.7 |
       Ossuary |    195 |    195 |      0 |      0 |    114 |   1 |  195.0 |
               +--------+--------+--------+--------+--------+-----+--------+

Top non-repeatable levels by time:
 Snake:4: 3386 daAuts
    D:13: 2972 daAuts
   Dis:7: 2951 daAuts
Vaults:1: 2810 daAuts
     D:8: 2803 daAuts
   Geh:7: 2754 daAuts
 Snake:3: 2714 daAuts
 Snake:1: 2668 daAuts
    D:15: 2649 daAuts
Depths:3: 2424 daAuts
Vaults:5: 2406 daAuts
 Slime:5: 2389 daAuts
   Tar:7: 2384 daAuts
Vaults:4: 2364 daAuts
 Snake:2: 2238 daAuts
